AoeStats
← Jonah

Golden Pit

509274080Analyzed
1v1 RM · 5d ago on Sep 26, 2026· 43m 50s· 2 players
Game mode
Random Map
Map size
Tiny (2 player)
Population
200
Speed
Normal
Resources
Standard
Victory
Conquest
Starting age
Dark Age
Ending age
Imperial Age
RankedLock teamsTeams togetherTeam positionsShared explorationLock speedFull tech treeHidden civsTurbo modeCheats
Victory
Defeat
🇫🇷 Muisca · France
1097
+15
🇪🇨 Armenians · Ecuador
1071
-15
Vicko Guty
10:30 Feudal Age
11:20 Man-at-Arms
12:56 Loom
12:42 Long Swordsman
31:36 Castle Age
40:52 Scale Barding Armor
Jonah
7:37 Loom
10:02 Feudal Age
10:48 Double-Bit Axe
10:47 Champi Runner
12:53 Horse Collar
13:20 Fletching
20:18 Padded Archer Armor
20:45 Gold Mining
25:19 Castle Age
25:20 Scale Mail Armor
25:31 Forging
26:02 Bodkin Arrow
26:02 Crossbowman
37:35 Bow Saw
43:53 Leather Archer Armor
Connection lost

Rejoining the realm…

Still unreachable

The connection could not be restored.

Session expired

The server has moved on; the page needs a fresh start.